AoeStats
← BigOleGiraffe

Arena

509868883Analyzed
1v1 RM · 5d ago on Sep 28, 2026· 41m 17s· 2 players
Game mode
Random Map
Map size
Tiny (2 player)
Population
200
Speed
Normal
Resources
Standard
Victory
Conquest
Starting age
Dark Age
Ending age
Imperial Age
RankedLock teamsTeams togetherTeam positionsShared explorationLock speedFull tech treeHidden civsTurbo modeCheats
Victory
Defeat
🇨🇦 Khmer · Canada
1128
+16
🇺🇸 Franks · United States
1119
-16
some.spiced.ham
9:51 Feudal Age
13:59 Castle Age
12:40 Stone Mining
12:39 Loom
20:41 Double-Bit Axe
25:36 Scale Mail Armor
25:27 Fletching
27:49 Arson
28:04 Squires
28:08 Gold Mining
31:56 Imperial Age
30:48 Chain Mail Armor
30:29 Bodkin Arrow
31:25 Gold Shaft Mining
31:04 Forging
33:37 Conscription
34:02 Conscription
36:10 Scale Barding Armor
36:41 Cavalier
37:23 Husbandry
38:57 Wheelbarrow
38:08 Town Watch
39:36 Chain Barding Armor
39:52 Iron Casting
40:24 Hand Cart
BigOleGiraffe
9:37 Feudal Age
12:46 Castle Age
11:17 Double-Bit Axe
11:16 Horse Collar
15:38 Bow Saw
29:51 Imperial Age
29:03 Wheelbarrow
28:14 Loom
30:10 Pikeman
30:48 Heavy Scorpion
32:14 Scale Mail Armor
35:50 Siege Engineers
37:25 Ballistics
38:05 Chemistry
39:33 Double Crossbow
39:30 Halberdier
40:39 Forging
40:44 Chain Mail Armor
Connection lost

Rejoining the realm…

Still unreachable

The connection could not be restored.

Session expired

The server has moved on; the page needs a fresh start.